PL
NORTHERN VIRGINIA RAINBOW MERMAIDS @ PORTLAND EVERGREENS
07/25/2031
 
TOP OF THE 1ST
Northern Virginia Rainbow Mermaids batting - Pitching for Portland Evergreens : RHP Giovanni Mireles
Pitching: RHP Giovanni Mireles
Batting: LHB Scott Kerin 0-0: Called Strike
0-1: Ball
1-1: Ball
2-1: Foul Ball, location: 2F
2-2: Foul Ball, location: 2F
2-2: Ball
3-2: Fly out, F9 (Flyball, 9D)
Batting: SHB Eustacio Tafalla 0-0: Ball
1-0: Ball
2-0: TRIPLE (Flyball, 9LD)
Batting: LHB Kyoji Hakoda 0-0: Ball
1-0: Ball
2-0: Ground out 6-3 (Groundball, P)
Eustacio Tafalla scores
Batting: SHB Melito Báez 0-0: Ground out 4-3 (Groundball, 4S)
Top of the 1st over - 1 run, 1 hit, 0 errors, 0 left on base; Northern Virginia 1 - Portland 0
BOTTOM OF THE 1ST
Portland Evergreens batting - Pitching for Northern Virginia Rainbow Mermaids : RHP Aurelio López
Pitching: RHP Aurelio López
Batting: SHB Willie McGirt 0-0: Ball
1-0: Foul Ball, location: 2F
1-1: Ball
2-1: Swinging Strike
2-2: Foul Ball, location: 2F
2-2: Ball
3-2: Base on Balls
Batting: LHB John Ennis 0-0: Ball
1-0: Called Strike
1-1: Foul Ball, location: 2F
1-2: Ball
2-2: Ground out 4-3 (Groundball, 34D)
Willie McGirt to second
Batting: SHB Billy Dotson 0-0: Swinging Strike
0-1: Ball
1-1: Ball
2-1: Called Strike
2-2: SINGLE (Flyball, 9S)
Willie McGirt to third
Runner from 3rd tries for Home, SAFE, no throw
Batting: LHB Chris Payling 0-0: Called Strike
0-1: Ball
1-1: Ball
2-1: Ball
3-1: Foul Ball, location: 2F
3-2: Strikes out looking
Batting: RHB Tae-cho Han 0-0: Ball
1-0: Ball
2-0: Called Strike
2-1: Foul Ball, location: 2F
2-2: Ball
3-2: 2-RUN HOME RUN (Flyball, 78XD), Distance : 419 ft
Batting: LHB Dewitt Hopper 0-0: Swinging Strike
0-1: Ball
1-1: Swinging Strike
1-2: Strikes out swinging
Bottom of the 1st over - 3 runs, 2 hits, 0 errors, 0 left on base; Northern Virginia 1 - Portland 3
TOP OF THE 2ND
Northern Virginia Rainbow Mermaids batting - Pitching for Portland Evergreens : RHP Giovanni Mireles
Batting: SHB Galtero Suárez 0-0: Ball
1-0: Swinging Strike
1-1: Swinging Strike
1-2: Ball
2-2: SINGLE (Groundball, 5S) (infield hit)
Batting: LHB José Ruíz 0-0: Called Strike
0-1: Foul Ball, location: 2F
0-2: Ball
1-2: Strikes out swinging
Batting: RHB Zahid Kashani 0-0: Called Strike
0-1: Called Strike
0-2: Strikes out looking
Batting: RHB Mike Strickland 0-0: Ball
1-0: Ball
2-0: TRIPLE (Line Drive, 9LD)
Galtero Suárez scores
Batting: LHB Ángel Pineda 0-0: Ball
1-0: Foul Ball, location: 2F
1-1: Foul Ball, location: 2F
1-2: Ball
Wild Pitch!
Mike Strickland scores
2-2: Foul Ball, location: 2F
2-2: Ball
3-2: Base on Balls
Batting: LHB Scott Kerin 0-0: Foul Ball, location: 2F
0-1: Ground out 4-3 (Groundball, 4S)
Top of the 2nd over - 2 runs, 2 hits, 0 errors, 1 left on base; Northern Virginia 3 - Portland 3
BOTTOM OF THE 2ND
Portland Evergreens batting - Pitching for Northern Virginia Rainbow Mermaids : RHP Aurelio López
Batting: LHB Adrián Gómez 0-0: Ball
1-0: Ball
2-0: Ball
3-0: Base on Balls
Batting: RHB Nelson Jaramillo 0-0: Grounds into double play, 1-4-3 (Groundball, 15)
Batting: LHB Ramón Garmendia 0-0: Swinging Strike
0-1: DOUBLE (Line Drive, 78XD)
Batting: SHB Willie McGirt 0-0: Ball
1-0: Swinging Strike
1-1: Ball
2-1: Swinging Strike
2-2: Ball
3-2: Foul Ball, location: 2F
3-2: Strikes out swinging
Bottom of the 2nd over - 0 runs, 1 hit, 0 errors, 1 left on base; Northern Virginia 3 - Portland 3
TOP OF THE 3RD
Northern Virginia Rainbow Mermaids batting - Pitching for Portland Evergreens : RHP Giovanni Mireles
Batting: SHB Eustacio Tafalla 0-0: Called Strike
0-1: Ball
1-1: Swinging Strike
1-2: Strikes out looking
Batting: LHB Kyoji Hakoda 0-0: Ball
1-0: Ball
2-0: Called Strike
2-1: Ball
3-1: Foul Ball, location: 2F
3-2: SINGLE (Line Drive, 34)
Batting: SHB Melito Báez 0-0: Ball
1-0: Foul Ball, location: 2F
1-1: Swinging Strike
1-2: Strikes out swinging
Batting: SHB Galtero Suárez 0-0: Ball
1-0: Called Strike
1-1: Called Strike
1-2: Ball
2-2: SINGLE (Line Drive, 34D)
Kyoji Hakoda to second
Batting: LHB José Ruíz 0-0: Foul Ball, location: 2F
0-1: Foul Ball, location: 2F
0-2: Fly out, F9 (Flyball, 9S)
Top of the 3rd over - 0 runs, 2 hits, 0 errors, 2 left on base; Northern Virginia 3 - Portland 3
BOTTOM OF THE 3RD
Portland Evergreens batting - Pitching for Northern Virginia Rainbow Mermaids : RHP Aurelio López
Batting: LHB John Ennis 0-0: Ball
1-0: Swinging Strike
1-1: Foul Ball, location: 2F
1-2: SINGLE (Flyball, 8LS)
Batting: SHB Billy Dotson 0-0: Ball
1-0: Called Strike
John Ennis steals 2nd base
1-1: Ball
2-1: 2-RUN HOME RUN (Flyball, 89XD), Distance : 407 ft
Batting: LHB Chris Payling 0-0: Ball
1-0: Ball
2-0: TRIPLE (Flyball, 8RXD)
Batting: RHB Tae-cho Han 0-0: Ball
1-0: Ball
2-0: Foul Ball, location: 2F
2-1: Foul Ball, location: 2F
2-2: Ball
3-2: Ground out 5-3 (Groundball, 56)
Chris Payling scores
Batting: LHB Dewitt Hopper 0-0: Ball
1-0: Foul Ball, location: 2F
1-1: Called Strike
1-2: SOLO HOME RUN (Flyball, 89XD), Distance : 440 ft
Batting: LHB Adrián Gómez 0-0: Ball
1-0: Called Strike
1-1: Foul Ball, location: 2F
1-2: Foul Ball, location: 2F
1-2: Ball
2-2: Ground out 4-3 (Groundball, 4S)
Batting: RHB Nelson Jaramillo 0-0: Ball
1-0: Foul Ball, location: 2F
1-1: Ball
2-1: Ball
3-1: Fly out, F6 (Line Drive, 6)
Bottom of the 3rd over - 4 runs, 4 hits, 0 errors, 0 left on base; Northern Virginia 3 - Portland 7
TOP OF THE 4TH
Northern Virginia Rainbow Mermaids batting - Pitching for Portland Evergreens : RHP Giovanni Mireles
Batting: RHB Zahid Kashani 0-0: Ball
1-0: Ball
2-0: Called Strike
2-1: Swinging Strike
2-2: Ground out 6-3 (Groundball, 6)
Batting: RHB Mike Strickland 0-0: Ball
1-0: Ball
2-0: Ball
3-0: Called Strike
3-1: Base on Balls
Batting: LHB Ángel Pineda 0-0: Called Strike
0-1: Fly out, F5 (Popup, 5)
Batting: LHB Scott Kerin 0-0: Ball
1-0: Called Strike
1-1: Ball
2-1: Swinging Strike
2-2: Ball
3-2: Base on Balls
Mike Strickland to second
Batting: SHB Eustacio Tafalla 0-0: Ball
1-0: 3-RUN HOME RUN (Flyball, 89XD), Distance : 419 ft
Batting: LHB Kyoji Hakoda 0-0: Called Strike
0-1: Called Strike
0-2: Ball
1-2: Fly out, F7 (Flyball, 7D)
Top of the 4th over - 3 runs, 1 hit, 0 errors, 0 left on base; Northern Virginia 6 - Portland 7
BOTTOM OF THE 4TH
Portland Evergreens batting - Pitching for Northern Virginia Rainbow Mermaids : RHP Aurelio López
Batting: LHB Ramón Garmendia 0-0: Ball
1-0: Swinging Strike
1-1: Called Strike
1-2: Strikes out looking
Batting: SHB Willie McGirt 0-0: Ball
1-0: Called Strike
1-1: Swinging Strike
1-2: Foul Ball, location: 2F
1-2: Foul Ball, location: 2F
1-2: Ball
2-2: Foul Ball, location: 2F
2-2: Foul Ball, location: 2F
2-2: Ball
3-2: Fly out, F3 (Popup, 3S)
Batting: LHB John Ennis 0-0: Ball
1-0: Called Strike
1-1: Ball
2-1: Fly out, F7 (Flyball, 78M)
Bottom of the 4th over - 0 runs, 0 hits, 0 errors, 0 left on base; Northern Virginia 6 - Portland 7
TOP OF THE 5TH
Northern Virginia Rainbow Mermaids batting - Pitching for Portland Evergreens : RHP Giovanni Mireles
Batting: SHB Melito Báez 0-0: Ball
1-0: Ball
2-0: Ball
3-0: Fly out, F7 (Flyball, 7)
Batting: SHB Galtero Suárez 0-0: Called Strike
0-1: Foul Ball, location: 2F
0-2: Fly out, F8 (Flyball, 78M)
Batting: LHB José Ruíz 0-0: Ball
1-0: Fly out, F9 (Line Drive, 9)
Top of the 5th over - 0 runs, 0 hits, 0 errors, 0 left on base; Northern Virginia 6 - Portland 7
BOTTOM OF THE 5TH
Portland Evergreens batting - Pitching for Northern Virginia Rainbow Mermaids : RHP Aurelio López
Batting: SHB Billy Dotson 0-0: Swinging Strike
0-1: Ball
1-1: Ball
2-1: Called Strike
2-2: Strikes out swinging
Pitching: RHP Mat Tengku
Batting: LHB Chris Payling 0-0: Called Strike
0-1: SINGLE (Groundball, 6MD)
Batting: RHB Tae-cho Han 0-0: Ball
1-0: DOUBLE (Line Drive, 89XD)
Chris Payling to third
Batting: LHB Dewitt Hopper 0-0: Called Strike
0-1: SINGLE (Groundball, 34D)
Chris Payling scores
Tae-cho Han to third
Runner from 3rd tries for Home, SAFE, no throw
Batting: LHB Adrián Gómez 0-0: Called Strike
0-1: Ball
1-1: Ball
2-1: Ball
3-1: Foul Ball, location: 2F
3-2: Base on Balls
Dewitt Hopper to second
Batting: RHB Nelson Jaramillo 0-0: Foul Ball, location: 2F
0-1: Called Strike
0-2: Ball
1-2: Ball
2-2: Ball
3-2: Foul Ball, location: 2F
3-2: Foul Ball, location: 2F
3-2: Foul Ball, location: 2F
3-2: Base on Balls
Dewitt Hopper to third
Adrián Gómez to second
Batting: LHB Ramón Garmendia 0-0: Called Strike
0-1: SINGLE (Groundball, 34) (infield hit)
Dewitt Hopper scores
Adrián Gómez to third
Nelson Jaramillo to second
Batting: SHB Willie McGirt 0-0: Ball
1-0: Grounds into double play, 4-6-3 (Groundball, 4M)
Bottom of the 5th over - 3 runs, 4 hits, 0 errors, 2 left on base; Northern Virginia 6 - Portland 10
TOP OF THE 6TH
Northern Virginia Rainbow Mermaids batting - Pitching for Portland Evergreens : RHP Giovanni Mireles
Pitching: RHP Ricardo Gómez
Batting: RHB Zahid Kashani 0-0: SOLO HOME RUN (Flyball, 7LD), Distance : 381 ft
Batting: RHB Mike Strickland 0-0: Ball
1-0: Ball
2-0: Called Strike
2-1: Foul Ball, location: 2F
2-2: Foul Ball, location: 2F
2-2: Ball
3-2: Foul Ball, location: 2F
3-2: SINGLE (Groundball, 34D)
Batting: LHB Ángel Pineda 0-0: Ball
1-0: Ball
2-0: Bunted foul
2-1: Bunted foul
2-2: Ball
3-2: Foul Ball, location: 2F
3-2: Foul Ball, location: 2F
3-2: SINGLE (Groundball, 6MD)
Mike Strickland to second
Runner from 2nd tries for 3rd, SAFE, no throw
Batting: LHB Scott Kerin 0-0: Ball
1-0: Foul Ball, location: 2F
1-1: Ball
2-1: Ball
3-1: Base on Balls
Ángel Pineda to second
Batting: SHB Eustacio Tafalla 0-0: Called Strike
0-1: Ball
1-1: Fly out, F8 (Flyball, 8LM)
Runner from 3rd tags up, SCORES, throw made
Pitching: RHP Gene Kirkland
Batting: LHB Kyoji Hakoda 0-0: Ball
1-0: Ball
2-0: Called Strike
2-1: Called Strike
2-2: Foul Ball, location: 2F
2-2: Ball
3-2: Foul Ball, location: 2F
3-2: Base on Balls
Ángel Pineda to third
Scott Kerin to second
Batting: SHB Melito Báez 0-0: Called Strike
0-1: Ball
1-1: Ball
2-1: Foul Ball, location: 2F
2-2: Fly out, F7 (Flyball, 7S)
Runner from 3rd tags up, SCORES, no throw
Batting: SHB Galtero Suárez 0-0: Ball
1-0: Ball
2-0: Fielders Choice at 2nd, 6-4 (Groundball, 6)
Top of the 6th over - 3 runs, 3 hits, 0 errors, 2 left on base; Northern Virginia 9 - Portland 10
BOTTOM OF THE 6TH
Portland Evergreens batting - Pitching for Northern Virginia Rainbow Mermaids : RHP Mat Tengku
Pitching: RHP Natalino Golaio
Batting: LHB John Ennis 0-0: Ball
1-0: Called Strike
1-1: Ball
2-1: Swinging Strike
2-2: Strikes out swinging
Batting: SHB Billy Dotson 0-0: Foul Ball, location: 2F
0-1: Called Strike
0-2: Ball
1-2: Ball
2-2: Strikes out looking
Batting: LHB Chris Payling 0-0: Foul Ball, location: 2F
0-1: SINGLE (Line Drive, 9S)
Batting: RHB Tae-cho Han 0-0: Called Strike
0-1: Foul Ball, location: 2F
0-2: Fly out, F7 (Flyball, 7LSF)
Bottom of the 6th over - 0 runs, 1 hit, 0 errors, 1 left on base; Northern Virginia 9 - Portland 10
TOP OF THE 7TH
Northern Virginia Rainbow Mermaids batting - Pitching for Portland Evergreens : RHP Gene Kirkland
Pitching: RHP Júlio Rodríguez
Now at 1B: Benedict Patel
Batting: LHB José Ruíz 0-0: Foul Ball, location: 2F
0-1: Fly out, F9 (Flyball, 9S)
Batting: RHB Zahid Kashani 0-0: Fly out, F9 (Flyball, 89M)
Batting: RHB Mike Strickland 0-0: Called Strike
0-1: Called Strike
0-2: Foul Ball, location: 2F
0-2: Fly out, F7 (Flyball, 7D)
Top of the 7th over - 0 runs, 0 hits, 0 errors, 0 left on base; Northern Virginia 9 - Portland 10
BOTTOM OF THE 7TH
Portland Evergreens batting - Pitching for Northern Virginia Rainbow Mermaids : RHP Natalino Golaio
Batting: LHB Dewitt Hopper 0-0: Ground out 4-3 (Groundball, 34)
Batting: LHB Adrián Gómez 0-0: Ball
1-0: Called Strike
1-1: Swinging Strike
1-2: Hit by Pitch
Batting: RHB Nelson Jaramillo 0-0: Ball
1-0: Ball
2-0: Called Strike
2-1: Called Strike
2-2: Strikes out swinging
Batting: LHB Ramón Garmendia 0-0: Swinging Strike
0-1: Ball
1-1: Foul Ball, location: 2F
1-2: Foul Ball, location: 2F
1-2: Ball
2-2: Fly out, F4 (Popup, 4MS)
Bottom of the 7th over - 0 runs, 0 hits, 0 errors, 1 left on base; Northern Virginia 9 - Portland 10
TOP OF THE 8TH
Northern Virginia Rainbow Mermaids batting - Pitching for Portland Evergreens : RHP Júlio Rodríguez
Now at C: Toussiant L'Ouverture
Now in LF: Wei-qiang Mo
Batting: LHB Ángel Pineda 0-0: Ground out 6-3 (Groundball, 56)
Batting: LHB Scott Kerin 0-0: Foul Ball, location: 2F
0-1: Swinging Strike
0-2: Strikes out looking
Batting: SHB Eustacio Tafalla 0-0: Ball
1-0: Ball
2-0: Ball
3-0: Base on Balls
Batting: LHB Kyoji Hakoda 0-0: Ball
1-0: Foul Ball, location: 2F
1-1: Swinging Strike
1-2: Ball
2-2: Ball
3-2: Foul Ball, location: 2F
3-2: Ground out 4-3 (Groundball, 34)
Top of the 8th over - 0 runs, 0 hits, 0 errors, 1 left on base; Northern Virginia 9 - Portland 10
BOTTOM OF THE 8TH
Portland Evergreens batting - Pitching for Northern Virginia Rainbow Mermaids : RHP Natalino Golaio
Batting: SHB Willie McGirt 0-0: SINGLE (Line Drive, 4MD)
Batting: SHB Benedict Patel 0-0: Called Strike
Willie McGirt steals 2nd base
0-1: Ball
1-1: Called Strike
1-2: Ball
2-2: Strikes out swinging
Batting: SHB Billy Dotson 0-0: Called Strike
0-1: Fly out, F7 (Flyball, 7D)
Runner from 2nd tags up, SAFE at 3rd, no throw
Batting: LHB Chris Payling 0-0: Foul Ball, location: 2F
0-1: Ball
1-1: Foul Ball, location: 2F
1-2: Ball
2-2: Ball
3-2: Fly out, F3 (Line Drive, 3)
Bottom of the 8th over - 0 runs, 1 hit, 0 errors, 1 left on base; Northern Virginia 9 - Portland 10
TOP OF THE 9TH
Northern Virginia Rainbow Mermaids batting - Pitching for Portland Evergreens : RHP Júlio Rodríguez
Batting: SHB Melito Báez 0-0: Called Strike
0-1: Foul Ball, location: 2F
0-2: Fly out, F8 (Flyball, 8LM)
Batting: SHB Galtero Suárez 0-0: Foul Ball, location: 2F
0-1: Ground out 6-3 (Groundball, 6)
Batting: LHB José Ruíz 0-0: Foul Ball, location: 2F
0-1: Swinging Strike
0-2: Foul Ball, location: 2F
0-2: Strikes out swinging
Top of the 9th over - 0 runs, 0 hits, 0 errors, 0 left on base; Northern Virginia 9 - Portland 10
Tuesday, June 12th, 2018 - OOTP Baseball 18.8 Build 76